 Dungeon Crawl Stone Soup version 0.20-a0-269-g17f5411 (webtiles) character file.

49 shinino the Chopper (level 3, 0/31 HPs)
             Began as a Minotaur Berserker on Dec 8, 2016.
             Was a Believer of Trog.
             Succumbed to an adder's poison
             ... on level 2 of the Dungeon.
             The game lasted 00:01:14 (950 turns).

shinino the Chopper (Minotaur Berserker)             Turns: 950, Time: 00:01:14

Health: 0/31       AC:  2    Str: 21    XL:     3   Next: 53%
Magic:  2/2        EV: 12    Int:  4    God:    Trog [**....]
Gold:   41         SH:  0    Dex: 10    Spells: 2/2 levels left

rFire  . . .     SeeInvis .     a - +0 hand axe
rCold  . . .     Gourm    .     b - +0 animal skin
rNeg   . . .     Faith    .     (no shield)
rPois  .         Spirit   .     (helmet restricted)
rElec  .         Reflect  .     (no cloak)
rCorr  .         Harm     .     (no gloves)
MR     .....                    (no boots)
Stlth  +.........               (no amulet)
                                (no ring)
                                (no ring)

@: lethally poisoned (0 -> -10)
A: retaliatory headbutt, horns 2
a: Berserk, Trog's Hand, Burn Spellbooks, Renounce Religion


You were on level 2 of the Dungeon.
You worshipped Trog.
Trog was pleased with you.
You were not hungry.

You visited 1 branch of the dungeon, and saw 2 of its levels.

You collected 41 gold pieces.

Inventory:

Hand Weapons
 a - a +0 hand axe (weapon)
Armour
 b - a +0 animal skin (worn)
 i - a cursed +0 pair of gloves
Scrolls
 f - a scroll of remove curse
 g - a scroll of immolation
 h - a scroll of blinking
Potions
 e - a potion of brilliance {unknown}
Comestibles
 c - a bread ration
 d - 6 chunks of flesh


   Skills:
 - Level 3.6 Fighting
 + Level 5.5 Axes
 - Level 2.4 Armour
 - Level 2.1 Dodging


You had 2 spell levels left.
You didn't know any spells.

Dungeon Overview and Level Annotations

Branches:
Dungeon (2/15)

Altars:
Kikubaaqudgha


Innate Abilities, Weirdness & Mutations

You reflexively headbutt those who attack you in melee.
You have a pair of horns on your head.


Message History

You are too injured to fight recklessly!
Unknown command.
You barely miss the adder.
The adder is heavily wounded.
You feel sick. The adder bites you.
You hit the adder.
The adder is almost dead.
You feel sick. The adder closely misses you. The adder completely misses you.
You barely miss the adder.
The adder is almost dead.
* * * LOW HITPOINT WARNING * * *
You feel sick. The adder bites you.
* * * LOW HITPOINT WARNING * * *
You barely miss the adder. Your headbutt misses the adder.
The adder is almost dead.
* * * LOW HITPOINT WARNING * * *
You feel sick. The adder barely misses you.
* * * LOW HITPOINT WARNING * * *
You feel sick. The adder bites you but does no damage.
You die...

#........# #........#
#.....#+## #####...######
##........ #####+#####
#...[..(. ..........#
#........
..........########........
.......S.@......##..#.##..
..........#####.##..#.##.#
..........# #.###.#.##.#
..........# #.##....##.#
..........# #.##..####.#
..........# #.##.># #.#
..........# #.##.## #.#
########### #.##.# #.#
#.##.#####.#


You could see an adder.

Vanquished Creatures
  An adder (D:2)
  A dart slug (D:1)
  A leopard gecko (D:2)
  A ball python (D:1)
  6 bats
  2 giant cockroaches
  5 goblins
  3 hobgoblins (D:1)
  6 jackals
  3 kobolds (D:1)
  2 rats (D:1)
31 creatures vanquished.

Notes
Turn   | Place    | Note
-------+----------+-------------------------------------------
     0 | D:1      | shinino the Minotaur Berserker began the quest for the Orb.
     0 | D:1      | Reached XP level 1. HP: 19/19 MP: 0/0
    88 | D:1      | Reached skill level 4 in Axes
   257 | D:1      | Reached XP level 2. HP: 23/26 MP: 1/1
   502 | D:1      | Reached skill level 5 in Axes
   617 | D:1      | Reached ** piety under Trog
   617 | D:1      | Reached XP level 3. HP: 29/31 MP: 2/2
   852 | D:2      | Found an ancient bone altar of Kikubaaqudgha.
   948 | D:2      | HP: 1/31 [poisoned by an adder]
   950 | D:2      | Succumbed to an adder's poison

Vault maps used:
D:1:      lightli_arrival_windingriver
D:2:      lemuel_crystal_altar, lemuel_coloured_pillars_altar

Skill      XL: |  1  2 |
---------------+-------+-----
Axes           | 4 5 |  5.5
Fighting       | |  3.6
Armour         | |  2.4
Dodging        | |  2.1

Action                   || total
-------------------------++-------
Melee: Hand axe          ||    69
       Headbutt          ||     4
  Use: Scroll            ||     3
 Stab: Sleeping          ||     1
Armor: Animal skin       ||    14
Dodge: Dodged            ||    54
